 Dungeon Crawl Stone Soup version 0.29-a0-234-g0dae59b3db (webtiles) character file.

Game seed: 10816957146114696160

420 spaghetti the Skirmisher (level 6, -2/55 HPs)
             Began as a Mummy Delver on Mar 3, 2022.
             Slain by a centaur (4 damage)
             ... on level 7 of the Dungeon.
             The game lasted 00:04:09 (2607 turns).

spaghetti the Skirmisher (Mummy Delver)             Turns: 2607, Time: 00:04:09

Health: -2/55      AC:  4    Str: 17    XL:     6   Next: 62%
Magic:  6/6        EV: 11    Int:  9    God:
Gold:   8          SH:  0    Dex: 14    Spells: 5/5 levels left

rFire   x . .      SeeInvis .   a - +0 falchion {long}
rCold   + . .      Faith    .   (no shield)
rNeg    + + +      Spirit   .   e - +1 leather armour
rPois   ∞          Reflect  .   (no helmet)
rElec   .          Harm     .   (no cloak)
rCorr   .          Rampage  .   (no gloves)
Will    .....                   (no boots)
Stlth   ++........              (no amulet)
HPRegen 0.18/turn               (no ring)
MPRegen 0.10/turn               (no ring)

@: no status effects
A: cold resistance 1, negative energy resistance 3, torment resistance 2, heat
vulnerability 1, in touch with death 1, no potions
a: no special abilities


You were on level 7 of the Dungeon.
You visited 1 branch of the dungeon, and saw 3 of its levels.

You collected 8 gold pieces.


Innate Abilities, Weirdness & Mutations

You are immune to poison.
Your flesh is cold resistant. (rC+)
You are immune to negative energy. (rN+++)
You are immune to unholy pain and torment.
You are vulnerable to heat. (rF-)
You are in touch with the powers of death.
You do not drink.


   Skills:
 + Level 7.6 Fighting
 - Level 1.5 Long Blades
 - Level 1.5 Dodging
 - Level 4.1 Stealth


You had 5 spell levels left.
You didn't know any spells.
Your spell library was empty.

Inventory:

Hand Weapons
 a - a +0 falchion (weapon) {long}
 b - a +0 hunting sling {sling}
   (You found it on level 5 of the Dungeon)
Missiles
 h - 37 stones (quivered) {throwing}
Armour
 e - a +1 leather armour (worn)
Wands
 f - a wand of digging (3)
 g - a wand of charming (4)
   (You found it on level 5 of the Dungeon)
Scrolls
 c - a scroll of fog
 d - a scroll of magic mapping {!r}

Dungeon Overview and Level Annotations

Branches:
Dungeon (7/15)
 Temple: D:4-7

Altars:

....... #.# ...... #..
..... #.. #...# # #..
#...# ##.##.. #...#
....... #...#
.......#########...###
#.c@....##.......#
#.....##.........##.#
#.##.#........†.....#
...#...........##.#
.## #...#....####### #
#........+ ........#.+
###..###.#.+ #.. ..#.#


You could see a centaur.


Message History

You slide downwards.
The hatch slams shut behind you. 😮 HP[+1] Unknown command.
Unknown command.
Unknown command.
i - a scroll labelled JOJIFI CUISALI 😮 HP[+1]
There are no items here.
As you read the scroll labelled JOJIFI CUISALI, it crumbles to dust.
It is a scroll of identify.
You don't have any unidentified items.
You start resting. 😎 HP[+20]
Your hp is fully restored (55).
b - a +0 hunting sling (weapon)
{sling} You shoot a sling bullet.
The sling bullet hits the iguana.
The iguana hisses angrily.
You shoot a sling bullet.
The sling bullet hits the iguana but does no damage.
You shoot a sling bullet.
The sling bullet hits the iguana but does no damage.
A gnoll comes into view. It is wielding a +0 halberd.
The gnoll moves out of view.
a - a +0 falchion (weapon)
{long} You slash the iguana!
The iguana barely misses you. The iguana closely misses you.
You slash the iguana! The iguana closely misses you.
You barely miss the iguana.
The iguana bites you but does no damage.
You hit the iguana.
You kill the iguana!
b - a +0 hunting sling (weapon)
{sling} A bullfrog comes into view.
A bullfrog is nearby!
You shoot a sling bullet. The sling bullet hits the bullfrog.
The bullfrog croaks.
You shoot a sling bullet. The sling bullet hits the bullfrog.
An orc comes into view. It is wielding a +0 falchion.
You shoot a sling bullet.
The sling bullet barely misses the bullfrog.
The orc shouts!
The bullfrog barely misses you.
a - a +0 falchion (weapon)
{long} A centaur comes into view.
The bullfrog hits you but does no damage.
You barely miss the bullfrog.
The centaur shouts!
The bullfrog hits you but does no damage.
The bullfrog closely misses you.
You hit the bullfrog. The bullfrog hits you. 😕 HP[-2]
You take 2 damage, and now have 53/55 hp.
You closely miss the bullfrog. The bullfrog hits you.
The bullfrog hits you! 😮 HP[-13]
You take 13 damage, and now have 40/55 hp.
MASSIVE DAMAGE!! (PAUSE)
You miss the bullfrog. The bullfrog barely misses you.
The bullfrog hits you but does no damage.
You can't drink.
Okay, then.
You hit the bullfrog but do no damage.
The bullfrog closely misses you. x2 😮 HP[+1]
You hit the bullfrog. The bullfrog barely misses you.
The bullfrog hits you. 😮 HP[-6]
You take 6 damage, and now have 35/55 hp.
You hit the bullfrog.
You kill the bullfrog!
The centaur wields a +0 shortbow.
The centaur shoots an arrow.
The arrow hits you. 😮 HP[-3]
You take 3 damage, and now have 32/55 hp.
You barely miss the orc. The orc hits you with a +0 falchion. x2
* * * LOW HITPOINT WARNING * * *
😨 HP[-6]
You take 6 damage, and now have 26/55 hp.
You hit the orc. The orc misses you.
You slash the orc!
You kill the orc!
The centaur shoots an arrow.
The arrow barely misses you.
The centaur shoots an arrow.
The arrow hits you!
* * * LOW HITPOINT WARNING * * *
😱 HP[-14]
You take 14 damage, and now have 12/55 hp.
MASSIVE DAMAGE!! (PAUSE)
The centaur unwields a +0 shortbow.
The centaur hits you.
* * * LOW HITPOINT WARNING * * *
The centaur barely misses you. The centaur misses you.
The centaur kicks you but does no damage.
Things that are here:
a +0 falchion {long}; an orc corpse; 😱 HP[-5]
You take 5 damage, and now have 7/55 hp.
You hit the centaur but do no damage.
The centaur hits you but does no damage.
The centaur barely misses you.
You hit the centaur but do no damage. The centaur hits you.
* * * LOW HITPOINT WARNING * * *
The centaur kicks you.
* * * LOW HITPOINT WARNING * * *
The centaur hits you.
You die...

Skill      XL: |  1  2  3  4  5  6 |
---------------+-------------------+-----
Fighting       | 4 5 6 7 |  7.6
Long Blades    | |  1.5
Dodging        | |  1.5
Stealth        | |  4.1

Action                   |  1- 3 |  4- 6 || total
-------------------------+-------+-------++-------
Melee: Falchion          |    21 |    74 ||    95
 Fire: Hunting sling     |     2 |    43 ||    45
Throw: Stone             |       |     1 ||     1
Evoke: Wand              |       |     8 ||     8
  Use: Scroll            |     1 |     2 ||     3
Armor: Leather armour    |     2 |    14 ||    16
Dodge: Dodged            |    13 |    56 ||    69

Levels and vault maps discovered:
D:5:      layout_loops_ring, overflow_temple_1_default,
          makhleb_altar_promises_db, minmay_temple_entry_mist,
          kennysheep_decorative_pillar, chequers_serial_rivers_micro_b
D:6:      layout_basic, uniq_duvessa
D:7:      layout_loops_cross, lemuel_tele_altar, kennysheep_cross_bottleneck,
          uniq_joseph, uniq_pikel

Notes
Turn   | Place    | Note
-------+----------+-------------------------------------------
     0 | D:5      | spaghetti the Mummy Delver began the quest for the Orb.
     0 | D:5      | Reached XP level 1. HP: 18/18 MP: 1/1
     0 | D:5      | magus.rc [v1.9.6]
    22 | D:6      | Noticed a howler monkey
    59 | D:5      | Noticed a necrophage
    68 | D:5      | Killed a necrophage
    69 | D:5      | Reached skill level 4 in Fighting
    69 | D:5      | Reached XP level 2. HP: 10/26 MP: 2/2
    69 | D:5      | Gained mutation: You are in touch with the powers of death.
                  | [Mummy growth]
    69 | D:5      | Reached XP level 3. HP: 12/32 MP: 3/3
   351 | D:5      | Noticed a scorpion
   455 | D:5      | Killed a scorpion
   456 | D:5      | Reached skill level 5 in Fighting
   456 | D:5      | Reached XP level 4. HP: 22/40 MP: 4/4
   603 | D:5      | Reached XP level 5. HP: 27/46 MP: 5/5
   750 | D:5      | Reached skill level 6 in Fighting
   762 | D:5      | Noticed a sky beast
   949 | D:6      | HP: 11/47 [iguana (5)]
   951 | D:6      | HP: 2/47 [iguana (9)]
  1367 | D:6      | HP: 11/47 [iguana (12)]
  1660 | D:6      | Reached XP level 6. HP: 21/53 MP: 6/6
  1892 | D:6      | HP: 13/53 [gnoll/+0 halberd (14)]
  2013 | D:6      | HP: 8/53 [gnoll shaman/+0 whip (6)]
  2018 | D:6      | Reached skill level 7 in Fighting
  2048 | D:6      | HP: 10/55 [gnoll/+0 flail (5)]
  2050 | D:6      | HP: 3/55 [gnoll/+0 flail (8)]
  2604 | D:7      | HP: 12/55 [centaur/arrow (15)]
  2607 | D:7      | HP: 3/55 [centaur (4)]
  2607 | D:7      | Slain by a centaur

Vanquished Creatures
  A bullfrog (D:7)
  A necrophage (D:5)
  A scorpion (D:5)
  A howler monkey (D:6)
  3 hounds
  2 iguanas
  3 gnolls (D:6)
  A dart slug (D:5)
  2 orcs
15 creatures vanquished.

Vanquished Creatures (others)
  A gnoll shaman (D:6)
  A gnoll (D:6)
2 creatures vanquished.

Grand Total: 17 creatures vanquished

Table legend:
 A = Non-vault XP
 B = Vault XP
 C = Vault XP percentage of total XP
 D = Non-vault monster count
 E = Vault monster count
 F = Vault count percentage of total count
                 A         B        C        D         E       F
            +---------+---------+-------+---------+---------+-------
      Total |     600 |       0 |   0.0 |      17 |       0 |   0.0
            +---------+---------+-------+---------+---------+-------
        D:5 |     268 |       0 |   0.0 |       6 |       0 |   0.0
        D:6 |     199 |       0 |   0.0 |       8 |       0 |   0.0
        D:7 |     133 |       0 |   0.0 |       3 |       0 |   0.0
            +---------+---------+-------+---------+---------+-------

Illustrated notes

Table legend:
 A = Kills in this place as a percentage of kills in entire the game.
 B = Kills by you in this place as a percentage of kills by you in the entire game.
 C = Kills by friends in this place as a percentage of kills by friends in the entire game.
 D = Other kills in this place as a percentage of other kills in the entire game.
 E = Experience gained in this place as a percentage of experience gained in the entire game.
 F = Experience gained in this place divided by the number of levels of this place that you have seen.
                   A       B       C       D       E      F
               +-------+-------+-------+-------+-------+----------------------
         Total | 100.0 | 100.0 |   N/A | 100.0 | 100.0 | 200.0
       Dungeon | 100.0 | 100.0 |   N/A | 100.0 | 100.0 | 200.0
               +-------+-------+-------+-------+-------+----------------------

Table legend: (Time is in decaauts)
 A = Elapsed time spent in this place.
 B = Non-inter-level travel time spent in this place.
 C = Inter-level travel time spent in this place.
 D = Time resting spent in this place.
 E = Time spent auto-exploring this place.
 F = Levels seen in this place.
 G = Mean time per level.
                   A        B        C        D        E       F      G
               +--------+--------+--------+--------+--------+-----+--------+
         Total |   2639 |   2596 |     43 |   1812 |    385 |   3 |  879.7 |
       Dungeon |   2639 |   2596 |     43 |   1812 |    385 |   3 |  879.7 |
               +--------+--------+--------+--------+--------+-----+--------+

Top non-repeatable levels by time:
     D:6: 1695 daAuts
     D:5: 786 daAuts
     D:7: 158 daAuts
